 Seeded DCSS version 0.30.1-4-g462c640d31 (webtiles) character file.

Game seed: 15660985446129201502 (custom seed)

24 AccursedSamuel the Poker (level 3, 23/23 HPs)
             Began as a Tengu Monk on Sept 12, 2023.
             Quit the game on level 1 of the Dungeon.
             The game lasted 00:01:26 (937 turns).

AccursedSamuel the Poker (Tengu Monk)                Turns: 937, Time: 00:01:27

Health: 23/23      AC:  2    Str: 13    XL:     3   Next: 2%
Magic:  4/4        EV: 13    Int: 10    God:
Gold:   172        SH:  0    Dex: 16    Spells: 2/2 levels left

rFire   . . .        a - +0 spear
rCold   . . .        d - orb {light}
rNeg    . . .        b - +0 robe
rPois   .            (helmet restricted)
rElec   .            (no cloak)
rCorr   .            (no gloves)
SInv    .            (boots unavailable)
Will    .....        (no amulet)
Stlth   +            (no ring)
HPRegen 0.23/turn    (no ring)
MPRegen 0.09/turn

%: no passive effects
@: glowing
A: beak, talons 3
a: no special abilities


You were on level 1 of the Dungeon.
You visited 1 branch of the dungeon, and saw 1 of its levels.

You collected 172 gold pieces.

Inventory:

Hand Weapons
 a - a +0 spear (weapon)
Armour
 b - a +0 robe (worn)
 d - an orb of light (worn)
Scrolls
 f - a scroll of acquirement
Potions
 c - a potion of ambrosia
 g - a potion of curing {unknown}


   Skills:
 + Level 3.4 Fighting
 + Level 3.8 Polearms
 + Level 3.6 Dodging


You had 2 spell levels left.
You didn't know any spells.
Your spell library was empty.

Dungeon Overview and Level Annotations

Branches:
Dungeon (1/15)

Altars:


Innate Abilities, Weirdness & Mutations

You have a beak for a mouth.
You have claws for feet.


Message History

You hit the bat but do no damage. Your kick misses the bat.
The bat barely misses you. The bat hits you but does no damage.
The bat misses you.
You hit the endoplasm. You claw the endoplasm.
The endoplasm is severely wounded.
The bat closely misses you.
The endoplasm hits you but does no damage.
You hit the endoplasm but do no damage.
The endoplasm is severely wounded.
The bat barely misses you. The endoplasm hits you. The bat hits you.
You hit the endoplasm but do no damage. You claw the endoplasm.
You kill the endoplasm!
The bat barely misses you. The bat closely misses you.
The bat closely misses you.
You hit the bat.
The bat is heavily wounded.
The bat hits you but does no damage. The bat barely misses you.
The bat hits you but does no damage. x2
You hit the bat. Your kick misses the bat.
The bat is severely wounded.
The bat barely misses you. The bat barely misses you.
The bat barely misses you.
You hit the bat.
You kill the bat!
You have reached level 3!
Your experience leads to an increase in your attributes!
Increase (S)trength, (I)ntelligence, or (D)exterity?
You feel stronger. x2
There is a stone staircase leading down here.
Done exploring.
Done exploring.
Done exploring.
As you read the scroll labelled QAUZ VITWEUHU, it crumbles to dust.
You feel strangely unstable.
It was a scroll of teleportation.
Your surroundings suddenly seem different.
This is a scroll of acquirement!
Unknown command.
Are you sure you want to abandon this character and quit the game? (Confirm with "yes".)

##...######## #. ##.## #.
#.#############.
#.............#.
########..##########.#.
#######.........# #.#.
#..........).##.##########)..
#.####.).....................
#.# #..###.@.>..[.#.........
#.####..# #..##.##########.#.
#.......###..##.# #.#.
#.####.......##.##########.#.
#.# ##......##............#.
#.# ##.......#############.#.
#.###.........# ####.#.
#.............###### #<##.#.
#.###.....)........# ##.###.


There were no monsters in sight!

Vanquished Creatures
  2 ball pythons (D:1)
  An endoplasm (D:1)
  3 goblins (D:1)
  3 hobgoblins (D:1)
  3 kobolds (D:1)
  2 quokkas (D:1)
  2 bats (D:1)
  3 frilled lizards (D:1)
  4 rats (D:1)
23 creatures vanquished.

Notes
Turn   | Place    | Note
-------+----------+-------------------------------------------
     0 | D:1      | AccursedSamuel the Tengu Monk began the quest for the Orb.
     0 | D:1      | Reached XP level 1. HP: 14/14 MP: 2/2
   138 | D:1      | Reached XP level 2. HP: 12/19 MP: 3/3
   628 | D:1      | Reached XP level 3. HP: 23/23 MP: 4/4
   937 | D:1      | Identified a scroll of acquirement
   937 | D:1      | Quit the game

Illustrated notes

Levels and vault maps discovered:
D:1:      minmay_arrival_pointy, layout_loops_ring, minmay_gold_behind_fungi

Action                     || total
---------------------------++-------
  Melee: Spear             ||    53
         Kick              ||    13
         Peck              ||     2
    Use: Scroll            ||     1
 Armour: Robe              ||    16
  Dodge: Dodged            ||    51
